 Dungeon Crawl Stone Soup version 0.30.1-11-g7821555f0a (webtiles) character file.

Game seed: 3364063871057023165

61 Okkudo the Chopper (level 4, 0/40 HPs)
             Began as a Hill Orc Monk on Dec 1, 2023.
             Slain by Terence
             ... wielding a +0 morningstar
              (8 damage)
             ... on level 2 of the Dungeon.
             The game lasted 00:02:59 (1067 turns).

Okkudo the Chopper (Hill Orc Monk)                  Turns: 1067, Time: 00:02:59

Health: 0/40       AC:  3    Str: 15    XL:     4   Next: 7%
Magic:  4/4        EV: 12    Int: 10    God:
Gold:   90         SH:  0    Dex: 13    Spells: 3/3 levels left

rFire   . . .        a - +0 hand axe
rCold   . . .        d - orb {light}
rNeg    + . .        b - +0 robe
rPois   .            k - +0 helmet
rElec   .            (no cloak)
rCorr   .            (no gloves)
SInv    .            (no boots)
Will    .....        (no amulet)
Stlth   +            j - ring of positive energy
HPRegen 0.26/turn    (no ring)
MPRegen 0.09/turn

%: no passive effects
@: flying, glowing
A: no striking features
a: no special abilities


You were on level 2 of the Dungeon.
You visited 1 branch of the dungeon, and saw 2 of its levels.

You collected 90 gold pieces.

Inventory:

Hand Weapons
 a - a +0 hand axe (weapon)
Missiles
 l - 5 poisoned darts (quivered)
Armour
 b - a +0 robe (worn)
 d - an orb of light (worn)
 k - a +0 helmet (worn)
Jewellery
 j - a ring of positive energy (left hand)
Scrolls
 e - 2 scrolls of identify {unknown}
 f - a scroll of magic mapping {unknown}
 h - a scroll of teleportation {unknown}
Potions
 c - a potion of ambrosia
 g - a potion of magic {unknown}
 i - 2 potions of flight


   Skills:
 - Level 4.0 Fighting
 * Level 5.9 Axes
 - Level 2.6 Dodging


You had 3 spell levels left.
You didn't know any spells.
Your spell library contained the following spells:

 Spells                   Type           Power      Damage    Failure   Level
 Hailstorm                Conj/Ice       0%         3d3       75%         3
 Ice Form                 Ice/Tmut       0%         N/A       98%         4
 Simulacrum               Ice/Necr       0%         N/A       100%        6


Dungeon Overview and Level Annotations

Branches:
Dungeon (2/15)

Altars:

Annotations:
D:2 Terence


Message History

Terence barely misses you.
You hit Terence but do no damage. Terence hits you with a +0 morningstar.
You hit Terence but do no damage. Terence hits you with a +0 morningstar!
You hit Terence.
Terence is lightly wounded.
Terence hits you with a +0 morningstar!
You barely miss Terence.
Terence is lightly wounded.
Terence barely misses you.
You barely miss Terence.
Terence is lightly wounded.
Terence closely misses you.
You hit Terence.
Terence is heavily wounded.
Terence hits you with a +0 morningstar.
* * * LOW HITPOINT WARNING * * *
You hit Terence but do no damage.
Terence is moderately wounded.
Terence closely misses you.
You hit Terence but do no damage.
Terence is moderately wounded.
Terence hits you with a +0 morningstar.
* * * LOW HITPOINT WARNING * * *
You barely miss Terence.
Terence is moderately wounded.
Terence hits you with a +0 morningstar.
* * * LOW HITPOINT WARNING * * *
It was a potion of flight.
You feel very buoyant.
You fly up into the air.
Terence asks, "Do you want it fast or slow?"
Terence closely misses you.
You hit Terence but do no damage.
Terence is moderately wounded.
Terence says, "Don't bother to defend, it's useless."
Terence barely misses you.
You hit Terence but do no damage.
Terence is moderately wounded.
Terence hits you with a +0 morningstar!
You die...

...........###......##.#.....#
...........#.....##†##.......#
##.............#....###...#..#
#...........###.##......[#..##
##.#.....##..##.#######..##..#
.....##.###.............S....
...# #.. ####...............
##. .. ###.............)... #
.. #).@##..............
#.....@............#....
..#...####.........#....
...... #.........##... .##..
#.............. ...#
.#...##.####... #### .....
#... ###. #.


You could see Terence.

Vanquished Creatures
  An adder (D:2)
  A dart slug (D:1)
  5 endoplasms
  2 giant cockroaches
  3 hobgoblins
  6 jackals (D:2)
  6 kobolds
  3 quokkas (D:1)
  3 ball pythons
  6 bats
  2 frilled lizards (D:1)
  3 goblins (D:1)
  5 rats (D:1)
46 creatures vanquished.

Notes
Turn   | Place    | Note
-------+----------+-------------------------------------------
     0 | D:1      | Okkudo the Hill Orc Monk began the quest for the Orb.
     0 | D:1      | Reached XP level 1. HP: 19/19 MP: 1/1
    58 | D:1      | Reached XP level 2. HP: 26/27 MP: 2/2
   382 | D:1      | Reached XP level 3. HP: 18/33 MP: 3/3
   571 | D:1      | Reached skill level 5 in Axes
   932 | D:2      | Noticed Terence
   948 | D:2      | Reached XP level 4. HP: 23/40 MP: 4/4
  1067 | D:2      | Slain by Terence

Illustrated notes

Levels and vault maps discovered:
D:1:      tarquinn_simple_flora_water_a, layout_loops_cross
D:2:      layout_rooms, basic_altar, wad_floor_pattern_untrapped, uniq_terence,
          uniq_robin

Skill      XL: |  1  2  3 |
---------------+----------+-----
Fighting       | 4 |  4.0
Axes           | 5 |  5.9
Dodging        | |  2.6

Action                     |  1- 3 |  4- 6 || total
---------------------------+-------+-------++-------
  Melee: Hand axe          |    96 |    23 ||   119
    Use: Potion            |       |     1 ||     1
 Armour: Robe              |    31 |     5 ||    36
  Dodge: Dodged            |    63 |    14 ||    77
